 Dungeon Crawl Stone Soup version 0.29-a0-103-g37f86683bf (webtiles) character file.

Game seed: 5766604219992845815

405 Murumi the Shield-Bearer (level 7, -12/50 HPs)
             Began as a Formicid Fighter on Feb 16, 2022.
             Was a Follower of Hepliaklqana.
             Engulfed by a cloud of flame (16 damage)
             ... on level 3 of the Dungeon.
             The game lasted 00:09:32 (2807 turns).

Murumi the Shield-Bearer (Formicid Fighter)         Turns: 2807, Time: 00:09:32

Health: -12/50     AC: 11    Str: 21    XL:     7   Next: 12%
Magic:  7/7        EV:  7    Int:  9    God:    Hepliaklqana [*.....]
Gold:   220        SH:  5    Dex: 10    Spells: 6/6 levels left

rFire   . . .      SeeInvis +   a - +1 long sword
rCold   . . .      Faith    .   c - +0 buckler
rNeg    . . .      Spirit   .   f - +0 chain mail
rPois   .          Reflect  .   (helmet unavailable)
rElec   .          Harm     .   (no cloak)
rCorr   .          Rampage  .   g - +0 pair of gloves
Will    +....                   (no boots)
Stlth   ..........              (no amulet)
HPRegen 0.16/turn               h - ring of willpower
MPRegen 0.10/turn               (no ring)

@: no status effects
A: reduced essence, permanent stasis, dig shafts and tunnels, antennae 3, four
strong arms
a: Dig, Shaft Self, Renounce Religion, Recall Ancestor, Ancestor Identity


You were on level 3 of the Dungeon.
You worshipped Hepliaklqana.
Hepliaklqana was aware of your devotion.
You visited 1 branch of the dungeon, and saw 5 of its levels.

You collected 220 gold pieces.

Inventory:

Hand Weapons
 a - a +1 long sword (weapon)
Missiles
 b - a throwing net
 e - 13 bolts
Armour
 c - a +0 buckler (worn)
 f - a +0 chain mail (worn)
 g - a +0 pair of gloves (worn)
Jewellery
 h - a ring of willpower (left hand)
Scrolls
 d - a scroll of enchant weapon
 m - 2 scrolls of fear
Potions
 i - a potion of degeneration {unknown}
 j - 2 potions of curing
 k - a potion of haste {unknown}
 l - 3 potions of brilliance
 n - a potion of heal wounds {unknown}


   Skills:
 - Level 5.0 Fighting
 - Level 4.0 Long Blades
 - Level 5.0 Armour
 - Level 1.0 Dodging
 - Level 5.0 Shields
 + Level 0.5 Invocations


You had 6 spell levels left.
You didn't know any spells.
Your spell library was empty.

Dungeon Overview and Level Annotations

Branches:
Dungeon (5/15)
 Temple: D:4-7

Altars:
Gozag
Hepliaklqana
Wu Jian


Innate Abilities, Weirdness & Mutations

Your life essence is reduced to manifest your ancestor. (-10% HP)
You cannot be hasted, slowed, berserked, paralysed or teleported.
You can dig through walls and to a lower floor.
You have a pair of large antennae on your head. (SInv)
Your four strong arms can wield two-handed weapons with a shield.


Message History

The jackal bites you but does no damage.
You hit the jackal.
The jackal is severely wounded.
The jackal bites you but does no damage.
You hit the jackal.
The jackal is almost dead.
The jackal closely misses you.
You hit the jackal.
The jackal is moderately wounded.
The jackal bites you.
You closely miss the jackal.
The jackal is moderately wounded.
You block the jackal's attack.
The jackal bites you but does no damage.
You slash the jackal!
You kill the jackal!
The jackal bites you but does no damage.
You hit the jackal.
You kill the jackal!
Found 2 poisoned darts.
You swap places.
You see here a +0 dagger.
You swap places.
You open the door.
Found an opulent altar of Gozag and an ornate altar of the Wu Jian Council.
There is an open door here.
You swap places.
There is an open door here.
You swap places.
You see here a +0 dagger.
Found a phantom mirror.
Found 16 stones.
Partly explored, can't reach some items and places.
Really walk into a travel-excluded area?
Found 16 gold pieces.
You are engulfed in blazing flames.
You are engulfed in blazing flames.
* * * LOW HITPOINT WARNING * * *
You are engulfed in blazing flames.
You die...

########## ##........#
#...#####.# #§☼R#
#.##### #§§°# #...|.#
#○@☼# #.....#
#...#####.....#
..(.$..○§......#
.§§.?}..§§....÷..#####
#..§○.$.$.○§§........)..
######...#####..##....##
#..§# #..#####... #.§§#
#.[# ##.. #..# #..


You could see the friendly Simosihle the ancestor.

Vanquished Creatures
  A water moccasin (D:5)
  A phantom (D:5)
  A scorpion (D:5)
  A hound (D:5)
  An orc wizard (D:3)
  An adder (D:2)
  2 worms
  3 dart slugs
  6 orcs
  6 endoplasms
  2 giant cockroaches
  8 goblins
  4 hobgoblins
  6 jackals
  5 quokkas
  4 ball pythons
  8 bats
  6 frilled lizards
  7 kobolds
  5 rats
78 creatures vanquished.

Vanquished Creatures (collateral kills)
  An orc (D:3)
  A ball python (D:3)
2 creatures vanquished.

Vanquished Creatures (others)
  A withered plant (D:3)
1 creature vanquished.

Grand Total: 81 creatures vanquished

Notes
Turn   | Place    | Note
-------+----------+-------------------------------------------
     0 | D:1      | Murumi the Formicid Fighter began the quest for the Orb.
     0 | D:1      | Reached XP level 1. HP: 18/18 MP: 1/1
   228 | D:1      | Reached XP level 2. HP: 24/24 MP: 2/2
   522 | D:1      | Reached XP level 3. HP: 30/30 MP: 3/3
  1115 | D:2      | Reached skill level 1 in Dodging
  1115 | D:2      | Reached XP level 4. HP: 37/37 MP: 4/4
  1576 | D:3      | You fall into a shaft and drop 2 floors!
  1576 | D:5      | Entered Level 5 of the Dungeon
  1661 | D:5      | Reached XP level 5. HP: 34/42 MP: 5/5
  1733 | D:5      | Noticed a phantom
  1740 | D:5      | Reached skill level 5 in Shields
  1753 | D:5      | Killed a phantom
  1754 | D:5      | Reached XP level 6. HP: 14/49 MP: 6/6
  1974 | D:5      | Noticed a water moccasin
  1987 | D:5      | Killed a water moccasin
  1988 | D:5      | Reached skill level 5 in Fighting
  2165 | D:3      | Found a faded altar of an unknown god.
  2186 | D:3      | Prayed at the altar of an unknown god.
  2186 | D:3      | Became a worshipper of Hepliaklqana the Forgotten
  2186 | D:3      | Reached * piety under Hepliaklqana
  2409 | D:3      | Reached XP level 7. HP: 50/50 MP: 7/7
  2444 | D:3      | Reached skill level 5 in Armour
  2464 | D:3      | Found a hazy altar of Hepliaklqana.
  2700 | D:3      | Found an opulent altar of Gozag.
  2700 | D:3      | Found an ornate altar of the Wu Jian Council.
  2807 | D:3      | Engulfed by a cloud of flame

Illustrated notes

Levels and vault maps discovered:
D:1:      dpeg_arrival_long_road, layout_loops_ring
D:2:      layout_rooms
D:3:      layout_rooms, amcnicky_altar_gilded,
          gammafunk_temple_overflow_elements,
          ebering_ecumenical_altar_petrified, lemuel_flame_loot_1
D:4:      layout_basic
D:5:      layout_cave_pods

Skill      XL: |  1  2  3  4  5  6  7 |
---------------+----------------------+-----
Shields        | 4 5 |  5.0
Fighting       | 4 5 |  5.0
Armour         | 4 5 |  5.0
Dodging        | 1 |  1.0
Long Blades    | 3 4 |  4.0
Invocations    | |  0.5

Action                   |  1- 3 |  4- 6 |  7- 9 || total
-------------------------+-------+-------+-------++-------
Melee: Long sword        |    90 |   112 |    28 ||   230
  Use: Scroll            |     7 |     2 |     1 ||    10
       Potion            |       |     2 |       ||     2
Armor: Scale mail        |    48 |    57 |       ||   105
       Chain mail        |       |     5 |    20 ||    25
       Skin              |       |     5 |       ||     5
Dodge: Dodged            |    36 |    68 |     6 ||   110
Block: Buckler           |    14 |    31 |     6 ||    51

Table legend: (Time is in decaauts)
 A = Elapsed time spent in this place.
 B = Non-inter-level travel time spent in this place.
 C = Inter-level travel time spent in this place.
 D = Time resting spent in this place.
 E = Time spent auto-exploring this place.
 F = Levels seen in this place.
 G = Mean time per level.
                   A        B        C        D        E       F      G
               +--------+--------+--------+--------+--------+-----+--------+
         Total |   2877 |   2781 |     96 |     38 |   2047 |   5 |  575.4 |
       Dungeon |   2877 |   2781 |     96 |     38 |   2047 |   5 |  575.4 |
               +--------+--------+--------+--------+--------+-----+--------+

Top non-repeatable levels by time:
     D:1: 878 daAuts
     D:2: 747 daAuts
     D:3: 670 daAuts
     D:5: 497 daAuts
     D:4: 83 daAuts
